 Dungeon Crawl Stone Soup version 0.31-a0-795-g5eb97db20b (webtiles) character file.

Game seed: 9377960126423110443

8112 Newt the Fighter (level 11, -10/129 HPs)
             Began as a Demonspawn Gladiator on Sept 18, 2023.
             Was a Believer of Okawaru.
             Mangled by a two-headed ogre
             ... wielding a +0 giant club
              (13 damage)
             ... on level 10 of the Dungeon.
             The game lasted 00:12:57 (10768 turns).

Newt the Fighter (Demonspawn Gladiator)            Turns: 10768, Time: 00:12:57

Health: -10/129    AC:  5    Str: 19    XL:     11   Next: 5%
Magic:  0/20       EV: 14    Int:  9    God:    Okawaru [**....]
Gold:   980        SH:  0    Dex: 15    Spells: 21/23 levels left

rFire   + . .        d - +6 battleaxe
rCold   . . .        (shield currently unavailable)
rNeg    . . .        C - +0 robe "Otiaz" {Regen+}
rPois   +            c - melded +0 helmet
rElec   .            (cloak currently unavailable)
rCorr   .            r - melded +0 pair of gloves
SInv    .            i - melded +0 pair of boots
Will    +....        t - amulet of guardian spirit Stlth
                     m - ring of Wum Xomi {rF+ Will+}
HPRegen 1.21/turn    y - ring of poison resistance
MPRegen 0.17/turn

%: guardian spirit
@: berserking (expiring), beast-form, very quick
A: beast (slay +4), antennae 1, thin metallic scales 2, ignite blood 1
a: Begin Untransformation, Renounce Religion, Heroism


You were on level 10 of the Dungeon.
You worshipped Okawaru.
Okawaru was pleased with you.
You were a hulking beast.
You visited 2 branches of the dungeon, and saw 11 of its levels.
You also visited: Ossuary and Bailey.

You collected 1106 gold pieces.
You spent 126 gold pieces at shops.

Inventory:

Hand Weapons
 a - a +0 rapier
 d - a +6 battleaxe (weapon)
 k - a +1 dagger of draining
 l - a +3 war axe
 z - a +3 trident
 A - a +0 hand axe of draining
Missiles
 e - a javelin
 s - 35 boomerangs
Armour
 b - a +0 leather armour
 c - a +0 helmet (melded)
 i - a +0 pair of boots (melded)
 r - a +0 pair of gloves (melded)
 C - the +0 robe "Otiaz" (worn) {Regen+}
   (You found it on level 6 of the Dungeon)

   Regen+:    It increases your rate of health regeneration.
 M - the +2 robe "Lamuogg" {rElec}
   (You found it in a bailey)

   rElec:     It insulates you from electricity.
Jewellery
 m - the ring of Wum Xomi (left hand) {rF+ Will+}
   (You found it on level 2 of the Dungeon)

   [ring of protection from fire]

   rF+:       It protects you from fire.
   Will+:     It increases your willpower.
 t - an amulet of guardian spirit (around neck)
 y - a ring of poison resistance (right hand)
 O - an amulet of magic regeneration
Talismans
 p - a beast talisman (active)
Wands
 v - a wand of charming (22)
 D - a wand of flame (19)
 E - a wand of roots (4)
 P - a wand of quicksilver (7)
Scrolls
 j - 5 scrolls of teleportation
 w - 3 scrolls of immolation
 K - a scroll of fear
 L - a scroll of poison
 Q - a scroll of identify
Potions
 f - 5 potions of might
 g - 3 potions of cancellation
 h - a potion of curing
 n - 2 potions of brilliance
 o - a potion of degeneration
 q - 2 potions of lignification
 u - 2 potions of attraction
 x - a potion of ambrosia
 B - 3 potions of enlightenment
 G - a potion of berserk rage
 H - 2 potions of mutation
 I - a potion of heal wounds
 J - 3 potions of resistance {unknown}
 N - a potion of invisibility


   Skills:
 - Level 8.0 Fighting
 - Level 4.0 Short Blades
 + Level 5.9 Axes
 - Level 1.7 Throwing
 - Level 5.0 Dodging
 - Level 6.5 Spellcasting
 - Level 4.5 Transmutations
 - Level 7.5 Shapeshifting


You had 21 spell levels left.
You knew the following spells:

 Your Spells              Type           Power      Damage    Failure   Level
a - Wereblood             Tmut           11%        N/A       4%          2

Your spell library contained the following spells:

 Spells                   Type           Power      Damage    Failure   Level
 Sting                    Tmut/Pois      28%        1d4       9%          1
 Lesser Beckoning         Tloc           4%         N/A       32%         2
 Poisonous Vapours        Pois/Air       4%         N/A       32%         2
 Frozen Ramparts          Ice            4%         1d1       54%         3
 Gell's Gravitas          Tloc           2%         N/A       54%         3
 Teleport Other           Tloc           2%         N/A       54%         3
 Petrify                  Tmut/Erth      7%         N/A       63%         4
 Olgreb's Toxic Radiance  Pois           2%         N/A       91%         4
 Irradiate                Conj/Tmut      3%         3d12      93%         5
 Metabolic Englaciation   Hex/Ice        1%         N/A       99%         5


Dungeon Overview and Level Annotations

Branches:
Dungeon (10/15)            Temple (1/1) D:4            Lair (0/5) D:10
Ossuary (visited)          Bailey (visited)
    Orc: D:9-12

Altars:
Ashenzari
Cheibriados
Dithmenos
Fedhas
Gozag
Hepliaklqana
Kikubaaqudgha
Makhleb
Nemelex Xobeh
Okawaru
Qazlal
Ru
Sif Muna
Trog
Uskayaw
Vehumet
Wu Jian
Xom
Yredelemnul

Shops:
D:1 (

Annotations:
D:6 exclusion: statue


Innate Abilities, Weirdness & Mutations

You are a hulking beast.
Your limbs bulge with bestial killing power. (Slay +4)
You have a pair of small antennae on your head.
You are mostly covered in thin metallic scales. (AC +3)
Your demonic aura sometimes causes spilled blood to erupt in flames.


Message History

You feel yourself speed up. Something hits you but does no damage.
Something hits you!
* * * LOW HITPOINT WARNING * * *
The shadow barely misses you. The kobold brigand misses you.
The wraith barely misses you. Something hits you.
* * * LOW HITPOINT WARNING * * *
The kobold brigand closely misses you. The shadow closely misses you.
Unknown command.
Unknown command.
Unknown command.
You are too berserk!
You closely miss the two-headed ogre. You slash the shadow!
You destroy the shadow!
Okawaru accepts your kill.
You miss something. You slash the kobold brigand!
Something hits you but does no damage. Something hits you.
* * * LOW HITPOINT WARNING * * *
You have reached level 11!
Unknown command.
You slash the two-headed ogre!
The two-headed ogre is moderately wounded.
You hit the kobold brigand. You slice something!! Okawaru accepts your kill.
Reactivating autopickup.
You feel a bit more experienced.
The kobold brigand is engulfed in blazing flames.
You kill the kobold brigand!
Okawaru accepts your kill.
The wraith is engulfed in blazing flames.
Unknown command.
Unknown command.
You slice the two-headed ogre!!
The two-headed ogre is severely wounded.
You slash the wraith!
A wraith comes into view.
The two-headed ogre is engulfed in blazing flames.
The two-headed ogre hits you with a +0 giant club!
* * * LOW HITPOINT WARNING * * *
The two-headed ogre hits you with a +0 giant club!
You die...

#...................#
#............[......#
....................#
))).......#######...#
..)....#### #...#
.......# ##...#
<......# #....#
...(..... #....#
.....####. #h)..#
....## # #WO..# #...#
,.°.....# #...#
...###### #...# ....#
.... W#...# #?#...# )
#...#


You could see a two-headed ogre and 2 wraiths.

Vanquished Creatures
  An orc warlord (Bailey)
  Maurice (D:9)
  Joseph (D:8)
  2 kobold demonologists (D:9)
  An unseen horror (D:10)
  A rime drake (D:10)
  A troll (D:10)
  A hornet (D:7)
  Sigmund (D:6)
  A shadow (D:10)
  Eustachio (D:4)
  A wyvern (D:9)
  A vampire mosquito (D:9)
  6 orc warriors
  3 sky beasts
  2 ogres (D:4)
  4 ice beasts
  A wolf (D:10)
  3 centaurs (D:9)
  5 kobold brigands
  5 bullfrogs
  A scorpion (D:4)
  A water moccasin zombie (Ossuary)
  10 wights
  6 killer bees
  A howler monkey (D:8)
  6 hounds
  A jelly (D:6)
  A gnoll bouda (D:6)
  12 orc priests
  A sleepcap (D:6)
  An iguana (D:7)
  10 orc wizards
  2 mummies (Ossuary)
  Robin (D:3)
  7 gnolls
  6 adders
  A white imp (D:6)
  An ufetubus (D:5)
  6 adder zombies (Ossuary)
  A worm (D:4)
  A dart slug (D:1)
  32 orcs
  2 ball pythons
  7 bats
  9 endoplasms
  3 giant cockroaches
  4 gnoll zombies (Ossuary)
  19 goblins
  18 hobgoblins
  5 quokkas
  2 frilled lizards
  4 hobgoblin zombies (Ossuary)
  23 kobolds
  6 kobold zombies (Ossuary)
  5 orc zombies (Ossuary)
  A rat (D:2)
260 creatures vanquished.

Notes
Turn   | Place    | Note
-------+----------+-------------------------------------------
     0 | D:1      | Newt the Demonspawn Gladiator began the quest for the Orb.
     0 | D:1      | Reached XP level 1. HP: 16/16 MP: 1/1
   292 | D:1      | Gained mutation: You are partially covered in thin metallic
                  | scales. (AC +2) [demonic ancestry]
   292 | D:1      | Reached XP level 2. HP: 22/23 MP: 2/2
   360 | D:1      | Found Kueluse's Antique Weapon Shoppe.
   478 | D:1      | Reached skill level 3 in Fighting
  1135 | D:2      | Reached XP level 3. HP: 29/29 MP: 3/3
  1258 | D:2      | Reached skill level 4 in Fighting
  1358 | D:2      | Reached XP level 4. HP: 25/37 MP: 4/4
  1517 | D:2      | Identified the ring of Wum Xomi {rF+ Will+}
  1727 | D:3      | Noticed Robin
  1828 | D:3      | Killed Robin
  2195 | D:3      | Found a blossoming altar of Fedhas.
  2237 | D:3      | Found a bloodstained altar of Trog.
  3008 | D:4      | Reached XP level 5. HP: 11/42 MP: 2/5
  3146 | D:4      | Noticed Eustachio
  3187 | D:4      | Killed Eustachio
  3188 | D:4      | Gained mutation: You are mostly covered in thin metallic
                  | scales. (AC +3) [demonic ancestry]
  3188 | D:4      | Reached XP level 6. HP: 15/48 MP: 2/6
  3465 | D:4      | Reached skill level 5 in Dodging
  3486 | D:4      | Reached skill level 5 in Fighting
  3568 | D:4      | Gained mutation: Your demonic aura sometimes causes spilled
                  | blood to erupt in flames. [demonic ancestry]
  3568 | D:4      | Reached XP level 7. HP: 38/56 MP: 4/7
  3635 | D:4      | Found a staircase to the Ecumenical Temple.
  3725 | Temple   | Entered the Ecumenical Temple
  3766 | D:4      | Found an ornate altar of the Wu Jian Council.
  3914 | D:5      | Entered Level 5 of the Dungeon
  4000 | D:5      | Reached skill level 6 in Fighting
  4059 | D:1      | Bought a glowing hand axe for 126 gold pieces
  4864 | D:6      | Noticed Sigmund
  4872 | D:6      | Killed Sigmund
  4873 | D:6      | Reached skill level 7 in Fighting
  4873 | D:6      | Reached XP level 8. HP: 67/67 MP: 8/8
  4883 | D:6      | Found a shadowy altar of Dithmenos.
  4963 | D:6      | Identified the +0 robe "Otiaz" {Regen+}
  5032 | D:6      | Reached skill level 8 in Fighting
  5086 | D:6      | Reached skill level 1 in Shapeshifting
  5091 | D:6      | Found a radiant altar of Vehumet.
  5836 | D:7      | Found a sand-covered staircase.
  5841 | Ossuary  | Entered an ossuary
  6105 | D:7      | Found a flagged portal.
  6143 | Bailey   | Entered a bailey
  6154 | Bailey   | Noticed an orc warlord
  6207 | Bailey   | Reached skill level 5 in Shapeshifting
  6224 | Bailey   | Found a runed translucent gate.
  6227 | Bailey   | Found a runed translucent gate.
  6229 | Bailey   | Found a runed translucent gate.
  6252 | Bailey   | Gained mutation: You have a pair of small antennae on your
                  | head. [demonic ancestry]
  6252 | Bailey   | Reached XP level 9. HP: 18/74 MP: 1/9
  6660 | Bailey   | Killed an orc warlord
  6707 | Bailey   | Identified the +2 robe "Lamuogg" {rElec}
  6727 | D:7      | Acquired 562 gold pieces
  6772 | D:7      | Reached skill level 1 in Axes
  6906 | D:7      | Learned a level 2 spell: Wereblood
  7058 | D:7      | HP: 2/74 [something (5)]
  7436 | D:8      | Identified the +8 dagger of Analysis {flame, Fly Str+3}
  7479 | D:8      | Reached skill level 5 in Axes
  7644 | D:8      | Noticed Joseph
  7651 | D:8      | Killed Joseph
  7652 | D:8      | Reached XP level 10. HP: 46/80 MP: 5/13
  8030 | D:8      | Found an iron altar of Okawaru.
  8198 | D:8      | Became a worshipper of Warmaster Okawaru
  8592 | D:9      | Found a sacrificial altar of Ru.
  8638 | D:9      | HP: 4/80 [orc warrior/bolt (9)]
  8641 | D:9      | HP: 1/80 [orc warrior/bolt (13)]
  9186 | D:9      | Reached skill level 5 in Spellcasting
  9243 | D:9      | Noticed Maurice
  9247 | D:9      | Maurice stole a beast talisman
  9248 | D:9      | Killed Maurice
  9306 | D:9      | Reached * piety under Okawaru
  9389 | D:9      | Noticed a rust devil
  9397 | D:9      | Reached skill level 1 in Transmutations
 10392 | D:10     | Entered Level 10 of the Dungeon
 10412 | D:10     | Found a staircase to the Lair.
 10426 | D:10     | Reached ** piety under Okawaru
 10427 | D:10     | HP: 2/80 [vampire mosquito (8)]
 10695 | D:10     | Noticed a +0 dagger
 10695 | D:10     | Noticed a +0 spear
 10695 | D:10     | Noticed a +0 short sword
 10696 | D:10     | Noticed a +0 short sword
 10696 | D:10     | Noticed a +0 spear
 10697 | D:10     | Noticed a +0 falchion
 10697 | D:10     | Noticed a +0 falchion
 10698 | D:10     | Noticed a +0 dagger
 10704 | D:10     | Found a hide-covered altar of Uskayaw.
 10763 | D:10     | Noticed a two-headed ogre
 10767 | D:10     | Reached XP level 11. HP: 11/86 MP: 1/20
 10768 | D:10     | HP: 3/129 [two-headed ogre/+0 giant club (10)]
 10768 | D:10     | Mangled by a two-headed ogre

Illustrated notes

Levels and vault maps discovered:
D:1:      tarquinn_simple_flora_water_b, layout_basic, serial_shops,
          nicolae_shop_stone, grunt_decor_resistance
D:2:      layout_rooms
D:3:      layout_basic, mainiacjoe_overflow_six_doors_small,
          mainiacjoe_overflow_catwalk, minmay_statues_item,
          minmay_goblin_kobold_house, uniq_robin
D:4:      minmay_general_purpose_star, layout_cave_pools,
          mainiacjoe_overflow_large_starburst, minmay_temple_entry_nine_rooms,
          uniq_eustachio
D:5:      layout_basic
D:6:      layout_basic, mainiacjoe_overflow_24_doors, vehumet_statue,
          corexii_corridor_pit, uniq_sigmund
D:7:      layout_loops_cross, enter_bailey_5, enter_ossuary_5
D:8:      layout_basic, tso_altar, okawaru_metal_pillars_1_2, uniq_joseph
D:9:      layout_layer_cave, nicolae_ru_great_annihilating_truth, uniq_maurice
D:10:     layout_irregular_city, nicolae_uskayaw_en_pointe,
          hellmonk_lair_entry_icy, orc_0_dummy, serial_column_ruins,
          column_ruins_columns_straight, column_ruins_open_tiny,
          column_ruins_open_medium, column_ruins_grid_4,
          column_ruins_open_small, nicolae_wand_duel, minmay_alternating_orb,
          uniq_erica, uniq_fannar, uniq_harold
Temple:   hellmonk_temple_two_chambers

Skill      XL: |  1  2  3  4  5  6  7  8  9 10 |
---------------+-------------------------------+-----
Fighting       | 3 4 5 7 8 |  8.0
Short Blades   | 3 4 |  4.0
Dodging        | 3 4 5 |  5.0
Shapeshifting  | 5 7 |  7.5
Axes           | 5 |  5.9
Spellcasting   | 2 6 |  6.5
Transmutations | 4 |  4.5
Throwing       | |  1.7

Action                     |  1- 3 |  4- 6 |  7- 9 | 10-12 || total
---------------------------+-------+-------+-------+-------++-------
  Melee: Rapier            |    68 |       |       |       ||    68
         Dagger            |    68 |   175 |     6 |       ||   249
         Punch             |       |     1 |     1 |       ||     2
         Trident           |       |       |   418 |       ||   418
         Battleaxe         |       |       |    45 |   126 ||   171
  Throw: Throwing net      |     3 |     4 |     3 |       ||    10
         Boomerang         |       |     2 |       |       ||     2
         Javelin           |       |       |       |     1 ||     1
   Cast: Wereblood         |       |       |       |     2 ||     2
  Evoke: Wand              |       |       |     2 |     3 ||     5
    Use: Scroll            |     2 |     5 |     7 |    14 ||    28
         Potion            |       |     3 |     4 |     3 ||    10
   Stab: Held in net/web   |       |     1 |     1 |       ||     2
         Sleeping          |       |       |     3 |       ||     3
         Paralysed         |       |       |       |     1 ||     1
 Armour: Leather armour    |    68 |   134 |    91 |       ||   293
         Robe              |       |       |   213 |   158 ||   371
  Dodge: Dodged            |    89 |   147 |   365 |   164 ||   765
   Form: Beast             |       |       |     1 |       ||     1

Table legend: (Time is in decaauts)
 A = Elapsed time spent in this place.
 B = Non-inter-level travel time spent in this place.
 C = Inter-level travel time spent in this place.
 D = Time resting spent in this place.
 E = Time spent auto-exploring this place.
 F = Levels seen in this place.
 G = Mean time per level.
                   A        B        C        D        E       F      G
               +--------+--------+--------+--------+--------+-----+--------+
         Total |  10932 |  10543 |    389 |   2415 |   6232 |  13 |  840.9 |
       Dungeon |  10105 |   9718 |    387 |   2168 |   5956 |  10 | 1010.5 |
        Temple |      1 |      0 |      1 |      0 |      0 |   1 |    1.0 |
       Ossuary |    228 |    228 |      0 |      0 |     97 |   1 |  228.0 |
        Bailey |    596 |    596 |      0 |    247 |    178 |   1 |  596.0 |
               +--------+--------+--------+--------+--------+-----+--------+

Top non-repeatable levels by time:
     D:9: 2019 daAuts
     D:4: 1249 daAuts
     D:8: 1155 daAuts
     D:1: 1141 daAuts
     D:6: 1035 daAuts
     D:7: 916 daAuts
     D:3: 869 daAuts
     D:5: 794 daAuts
     D:2: 695 daAuts
  Bailey: 596 daAuts
    D:10: 229 daAuts
 Ossuary: 228 daAuts
  Temple: 1 daAuts
